 Dungeon Crawl Stone Soup version 0.28-a0-1199-gef9e1dbd39 (webtiles) character file.

Game seed: 18291812154623151469

3326 ChaosChampion the Grappler (level 9, 0/79 HPs)
             Began as a Black Draconian Transmuter on Dec 19, 2021.
             Was an Initiate of Okawaru.
             Killed themself with a bounced orb of electricity (11 damage)
             ... on level 6 of the Dungeon.
             The game lasted 00:13:37 (8779 turns).

ChaosChampion the Grappler (DrTm)                   Turns: 8779, Time: 00:13:38

Health: 0/79       AC:  8    Str: 12    XL:     9   Next: 71%
Magic:  12/12      EV: 18    Int: 17    God:    Okawaru [......]
Gold:   268        SH:  0    Dex: 11    Spells: 8/14 levels left

rFire   . . .      SeeInvis .     - Unarmed
rCold   + . .      Faith    .   (no shield)
rNeg    . . .      Spirit   .   (armour unavailable)
rPois   .          Reflect  .   (helmet currently unavailable)
rElec   +          Harm     .   (no cloak)
rCorr   .          Rampage  .   (no gloves)
Will    .....                   (boots currently unavailable)
Stlth   +.........              (no amulet)
HPRegen 0.23/turn               j - +4 ring of evasion
MPRegen 0.13/turn               (no ring)

@: appendages (expiring)
A: horns 2, talons 2, breathe lightning, AC +7, unfitting armour, electricity
resistance, cold-blooded, stinger 1, cold resistance 1, low mp 1, shaggy fur 1,
weak 1
a: Breathe Lightning, End Transformation, Renounce Religion


You were on level 6 of the Dungeon.
You worshipped Okawaru.
Okawaru was noncommittal.
You had temporarily grown beastly horns and talons.
You visited 2 branches of the dungeon, and saw 8 of its levels.
You also visited: Ossuary.

You collected 268 gold pieces.

Inventory:

Missiles
 e - 48 poisoned darts
Armour
 m - the +4 skin of Zhor {*Englaciate rC+++ SInv}
   (You found it on level 4 of the Dungeon)

   It radiates cold, occasionally slowing all nearby creatures who are not
   resistant to cold.
   rC:        It renders you almost immune to cold.
   SInv:      It lets you see invisible.
Jewellery
 a - an amulet of magic regeneration
 j - a +4 ring of evasion (left hand)
Wands
 p - a wand of mindburst (19)
Scrolls
 c - 2 scrolls of fear
 d - 4 scrolls of fog {unknown}
 f - 3 scrolls of torment {unknown}
 g - 3 scrolls of enchant armour {unknown}
 h - 4 scrolls of teleportation {unknown}
 k - a scroll of enchant weapon {unknown}
 n - 2 scrolls of magic mapping {unknown}
 o - 2 scrolls of immolation {unknown}
 u - 2 scrolls of vulnerability {unknown}
 w - a scroll of silence {unknown}
 x - 3 scrolls of amnesia {unknown}
 y - a scroll of identify
Potions
 b - 4 potions of ambrosia {unknown}
 i - 2 potions of curing
 l - 4 potions of haste
 q - a potion of magic {unknown}
 r - a potion of resistance
 s - a potion of lignification
 t - a potion of flight
 v - a potion of attraction


   Skills:
 + Level 7.3 Fighting
 + Level 6.3 Dodging
 + Level 9.4 Unarmed Combat
 - Level 3.0 Spellcasting
 - Level 3.0 Transmutations
 - Level 3.0 Poison Magic


You had 8 spell levels left.
You knew the following spells:

 Your Spells              Type           Power      Damage    Failure   Level
a - Beastly Appendage     Tmut           24%        N/A       4%          1
b - Wereblood             Tmut           12%        N/A       8%          2
c - Spider Form           Tmut/Pois      12%        N/A       16%         3

Your spell library contained the following spells:

 Spells                   Type           Power      Damage    Failure   Level
 Sting                    Tmut/Pois      48%        1d5       4%          1
 Poisonous Vapours        Pois/Air       14%        N/A       14%         2
 Magic Dart               Conj           8%         1d3       17%         1
 Searing Ray              Conj           4%         2d4       26%         2
 Ozocubu's Armour         Ice            2%         N/A       45%         3
 Olgreb's Toxic Radiance  Pois           12%        N/A       45%         4
 Ice Form                 Ice/Tmut       7%         N/A       67%         4
 Fulminant Prism          Conj/Hex       1%         3d6       86%         4
 Ozocubu's Refrigeration  Ice            1%         4d5       100%        7


Dungeon Overview and Level Annotations

Branches:
Dungeon (7/15)             Temple (1/1) D:6         Ossuary (visited)

Altars:
Ashenzari
Cheibriados
Elyvilon
Fedhas
Gozag
Hepliaklqana
Kikubaaqudgha
Makhleb
Okawaru
Ru
Sif Muna
Trog
Uskayaw
Vehumet
Wu Jian
Xom
Yredelemnul
Zin
The Shining One

Shops:
D:1 =

Annotations:
D:3 2 runed translucent doors, wpisznazwe's ghost, amateur DsAK
D:7 Joseph; Menkaure


Innate Abilities, Weirdness & Mutations

You have temporarily grown beastly horns and talons.
You can breathe wild blasts of lightning.
Your glossy black scales are hard. (AC +7)
You cannot fit into any form of body armour.
You are resistant to electric shocks. (rElec)
You are cold-blooded and may be slowed by cold attacks.
Your tail ends in a venomous barb.
Your flesh is cold resistant. (rC+)
Your magical capacity is low. (-10% MP)
You are covered in fur. (AC +1)
You are weak. (Str -2)


Message History

You feel very sick. The water moccasin bites you. x2
* * * LOW HITPOINT WARNING * * *
You closely miss the water moccasin.
Your headbutt misses the water moccasin.
The water moccasin is heavily wounded.
You feel very sick. The water moccasin misses you.
You can't do that yet.
You feel very sick.
You feel very sick. The water moccasin barely misses you.
You feel sick.
You feel sick. The water moccasin misses you.
You can't do that yet.
You feel sick.
You can't do that yet.
You feel sick.
You feel sick.
You feel better. The water moccasin closely misses you.
The water moccasin completely misses you.
You can't do that yet.
The water moccasin misses you.
Your transformation is almost over.
The water moccasin barely misses you.
You have got your breath back.
Activating: Breathe Lightning (4% risk of failure)
Press: ? - help, Q - select action, (/) - cycle Dir - look around, f - activate You breathe a wild blast of lightning!
The orb of electricity explodes!
The orb of electricity engulfs the water moccasin!
The water moccasin is severely wounded.
The orb of electricity engulfs you! You resist.
* * * LOW HITPOINT WARNING * * *
The orb of electricity engulfs the jelly!!
You kill the jelly!
Okawaru accepts your kill.
The orb of electricity explodes!
The orb of electricity engulfs you! You resist.
You die...

##............# #.........
###...#########.# ####)####.
.......# #.# #)# #.
..#...#########.#### #)# #.
..##...............# #)# #.
........#######.##.# #(# #.
##.##.#.#### #.##.# #.# #.
#.##.#....####.##.###### #.# #.
#.##.#.........@S......###.####.
#.##......###.###............((.
#.##...#.## #.# ######.##.#####.
##.##...#.# #.# #.##.# #.
.......##.# #.# #.##.# ##
##.##..##.# #.## ##.##.######
##.##..##.# #..######...........
##.##..##.####.#................#
##..............######..##.####.#


You could see a water moccasin.

Vanquished Creatures
  An orc warrior (D:6)
  An ice beast (D:5)
  A sky beast (D:6)
  A black bear (D:5)
  A hornet zombie (Ossuary)
  A necrophage (D:4)
  An ogre (D:6)
  A phantom (D:4)
  2 kobold brigands (D:6)
  Blork the orc (D:6)
  2 scorpions (D:5)
  2 wyvern zombies (Ossuary)
  7 water moccasin zombies
  A wyvern skeleton (D:6)
  A water moccasin skeleton (D:6)
  4 killer bees
  3 howler monkeys
  5 bullfrog zombies (Ossuary)
  2 jellies
  8 centaur zombies (Ossuary)
  2 orc priests (D:4)
  A centaur skeleton (D:7)
  5 iguanas
  A scorpion zombie (D:5)
  Jessica (D:2)
  2 bullfrog skeletons (D:6)
  A gnoll shaman (D:6)
  3 orc wizards
  2 killer bee zombies (Ossuary)
  11 mummies (Ossuary)
  4 howler monkey zombies (Ossuary)
  Robin (D:4)
  5 gnolls (D:6)
  A howler monkey skeleton (D:5)
  4 adders
  2 shadow imps
  2 ufetubi
  A dart slug (D:2)
  11 orcs
  7 endoplasms
  3 giant cockroaches
  17 goblins
  11 hobgoblins
  5 jackals
  4 quokkas
  5 ball pythons
  5 bats
  2 frilled lizards (D:2)
  30 kobolds
  2 rats
197 creatures vanquished.

Vanquished Creatures (others)
  4 plants (D:3)
  2 withered plants (Ossuary)
6 creatures vanquished.

Grand Total: 203 creatures vanquished

Notes
Turn   | Place    | Note
-------+----------+-------------------------------------------
     0 | D:1      | ChaosChampion the Draconian Transmuter began the quest for
                  | the Orb.
     0 | D:1      | Reached XP level 1. HP: 16/16 MP: 3/3
   147 | D:1      | Reached XP level 2. HP: 19/23 MP: 3/5
   261 | D:1      | Found Kequnk's One-of-a-Kind Rings.
   311 | D:1      | Learned a level 2 spell: Wereblood
   574 | D:1      | Reached XP level 3. HP: 29/29 MP: 2/6
  1037 | D:2      | Noticed Jessica
  1049 | D:2      | Killed Jessica
  1050 | D:2      | Reached skill level 4 in Unarmed Combat
  1123 | D:2      | Reached XP level 4. HP: 29/36 MP: 4/7
  1937 | D:3      | Found a large runed translucent door.
  1938 | D:3      | Found a large runed translucent door.
  1940 | D:3      | Noticed wpisznazwe's ghost (amateur DsAK)
  2041 | D:3      | Found a burning altar of Makhleb.
  2681 | D:4      | Reached XP level 5. HP: 38/42 MP: 6/8
  2709 | D:4      | Noticed Robin
  2725 | D:4      | Killed Robin
  2869 | D:4      | Reached skill level 5 in Unarmed Combat
  2923 | D:4      | Found the +4 skin of Zhor {*Englaciate rC+++ SInv}
  2948 | D:4      | Reached XP level 6. HP: 51/51 MP: 6/9
  3851 | D:4      | Reached skill level 6 in Unarmed Combat
  3851 | D:4      | Your scales start taking on a glossy black colour.
  3851 | D:4      | Reached XP level 7. HP: 54/59 MP: 10/10
  3851 | D:4      | Gained mutation: You are resistant to electric shocks.
                  | (rElec) [Black Draconian growth]
  4165 | D:5      | Entered Level 5 of the Dungeon
  4236 | D:5      | Found a hazy altar of Hepliaklqana.
  4426 | D:5      | Noticed a two-headed ogre
  4445 | D:5      | Found a sand-covered staircase.
  4455 | Ossuary  | Entered an ossuary
  4619 | Ossuary  | Gained mutation: You are weak. (Str -2) [potion of
                  | mutation]
  4619 | Ossuary  | Gained mutation: Your magical capacity is low. (-10% MP)
                  | [potion of mutation]
  4619 | Ossuary  | Gained mutation: You are partially covered in large bone
                  | plates. (SH +4) [potion of mutation]
  4620 | Ossuary  | Lost mutation: Your magical capacity is low. (-10% MP)
                  | [potion of mutation]
  4620 | Ossuary  | Lost mutation: You are partially covered in large bone
                  | plates. (SH +4) [potion of mutation]
  4620 | Ossuary  | Gained mutation: Your magical capacity is low. (-10% MP)
                  | [potion of mutation]
  4620 | Ossuary  | Gained mutation: Your tail ends in a venomous barb. [potion
                  | of mutation]
  4620 | Ossuary  | Gained mutation: You are covered in fur. (AC +1) [potion of
                  | mutation]
  4620 | Ossuary  | Gained mutation: Your flesh is cold resistant. (rC+)
                  | [potion of mutation]
  4646 | Ossuary  | Reached skill level 7 in Unarmed Combat
  4691 | Ossuary  | Reached skill level 5 in Fighting
  4704 | Ossuary  | Reached XP level 8. HP: 14/68 MP: 5/9
  4861 | Ossuary  | Reached skill level 5 in Dodging
  4861 | Ossuary  | Reached skill level 8 in Unarmed Combat
  5372 | Ossuary  | Learned a level 3 spell: Spider Form
  6288 | D:5      | Reached XP level 9. HP: 55/77 MP: 11/11
  6466 | D:5      | Reached skill level 1 in Poison Magic
  6745 | D:6      | Reached skill level 9 in Unarmed Combat
  6852 | D:6      | Found a staircase to the Ecumenical Temple.
  6870 | Temple   | Entered the Ecumenical Temple
  7062 | Temple   | Became a worshipper of Warmaster Okawaru
  7177 | D:6      | Found a shimmering blue altar of Sif Muna.
  7192 | D:6      | Found a bloodstained altar of Trog.
  7776 | D:6      | Noticed Blork the orc
  7787 | D:6      | Killed Blork the orc
  8446 | D:7      | Noticed Joseph
  8745 | D:7      | Noticed Menkaure
  8779 | D:6      | Killed themself with a bounced orb of electricity

Illustrated notes

Levels and vault maps discovered:
D:1:      dpeg_arrival_rooms_with_view, layout_basic, nicolae_shop_unique_rings
D:2:      layout_basic, uniq_jessica
D:3:      minmay_goblin_kobold_castle, layout_basic,
          mainiacjoe_overflow_boulevard, ebering_ghost_disaster_area
D:4:      layout_gridville, uniq_robin
D:5:      layout_basic, worldfamousw_hep_ancestral_shrine, enter_ossuary_3,
          st_stairs_10
D:6:      layout_loops_ring, nzn_overflow_gifts_of_might_and_magic,
          temple_statues, uniq_blork_the_orc
D:7:      layout_cave_pools, minmay_misc_feat_chi, chequers_mini_garden,
          uniq_joseph, uniq_pikel, uniq_crazy_yiuf_cottage, uniq_menkaure
Temple:   regret_index_temple_waves

Skill      XL: |  1  2  3  4  5  6  7  8  9 |
---------------+----------------------------+-----
Dodging        | 2 3 4 5 6 |  6.3
Fighting       | 2 3 4 5 6 7 |  7.3
Unarmed Combat | 4 5 6 7 8 9 |  9.4
Poison Magic   | 3 |  3.0
Transmutations | 3 |  3.0
Spellcasting   | 3 |  3.0

Action                   |  1- 3 |  4- 6 |  7- 9 || total
-------------------------+-------+-------+-------++-------
Melee: Unarmed           |    66 |   198 |   363 ||   627
       Kick              |    12 |    36 |    64 ||   112
       Headbutt          |     6 |    16 |    50 ||    72
       Tailslap          |     1 |    28 |    41 ||    70
       Punch             |     1 |     2 |    16 ||    19
Throw: Dart              |       |     7 |     1 ||     8
 Cast: Beastly Appendage |    18 |    25 |    43 ||    86
       Wereblood         |     6 |     4 |    27 ||    37
       Spider Form       |       |       |     1 ||     1
 Abil: Breathe Lightning |       |       |    31 ||    31
  Use: Scroll            |       |     1 |     9 ||    10
       Potion            |       |       |     6 ||     6
Armor: Skin              |    15 |    59 |   102 ||   176
Dodge: Dodged            |    35 |   120 |   374 ||   529

Table legend: (Time is in decaauts)
 A = Elapsed time spent in this place.
 B = Non-inter-level travel time spent in this place.
 C = Inter-level travel time spent in this place.
 D = Time resting spent in this place.
 E = Time spent auto-exploring this place.
 F = Levels seen in this place.
 G = Mean time per level.
                   A        B        C        D        E       F      G
               +--------+--------+--------+--------+--------+-----+--------+
         Total |   8740 |   8527 |    213 |   1258 |   5406 |   9 |  971.1 |
       Dungeon |   7423 |   7255 |    168 |    901 |   4914 |   7 | 1060.4 |
        Temple |    241 |    196 |     45 |      0 |    114 |   1 |  241.0 |
       Ossuary |   1075 |   1075 |      0 |    357 |    378 |   1 | 1075.0 |
               +--------+--------+--------+--------+--------+-----+--------+

Top non-repeatable levels by time:
     D:6: 1802 daAuts
     D:4: 1698 daAuts
 Ossuary: 1075 daAuts
     D:5: 1022 daAuts
     D:1: 1014 daAuts
     D:3: 967 daAuts
     D:2: 888 daAuts
  Temple: 241 daAuts
     D:7: 29 daAuts
